 Dungeon Crawl Stone Soup version 0.21.1-1-g345015f (webtiles) character file.

533 lyrx the Destroyer (level 7, -2/46 HPs)
             Began as a Demonspawn Conjurer on Mar 30, 2018.
             Slain by a gnoll (7 damage)
             ... on level 3 of the Dungeon.
             The game lasted 00:32:55 (4440 turns).

lyrx the Destroyer (Demonspawn Conjurer)            Turns: 4440, Time: 00:32:56

Health: -2/46      AC:  6    Str:  8    XL:     7   Next: 4%
Magic:  1/10       EV: 12    Int: 19    God:
Gold:   218        SH:  4    Dex: 11    Spells: 3/10 levels left

rFire    . . .     SeeInvis .   q - -2 short sword (curse)
rCold    + . .     Gourm    .   (no shield)
rNeg     . . .     Faith    .   a - +0 robe
rPois    .         Spirit   .   (no helmet)
rElec    .         Reflect  .   f - +2 cloak
rCorr    .         Harm     .   (no gloves)
MR       .....                  m - +0 pair of boots
Stlth    ++........             (no amulet)
HPRegen  0.15/turn              g - -2 ring of dexterity (curse)
MPRegen  0.12/turn              r - ring of protection from cold

@: very slightly contaminated
A: talons 1, large bone plates 1, spiny 1
a: no special abilities


You were on level 3 of the Dungeon.
You were not hungry.

You visited 1 branch of the dungeon, and saw 3 of its levels.

You collected 218 gold pieces.

Inventory:

Hand Weapons
 e - a +1 dagger
 l - a +0 dagger
 q - a cursed -2 short sword (weapon)
Armour
 a - a +0 robe (worn)
 f - a +2 cloak (worn)
 m - a +0 pair of boots (worn)
Jewellery
 g - a cursed -2 ring of dexterity (left hand)
 r - a ring of protection from cold (right hand)
Scrolls
 j - a scroll of magic mapping
 n - a scroll of identify
Potions
 d - 2 potions of curing {unknown}
 h - a potion of resistance {unknown}
 i - a potion of flight {unknown}
 k - a potion of heal wounds {unknown}
 o - 2 potions of lignification {unknown}
 p - 2 potions of agility {unknown}
Books
 b - a book of Conjurations

   Spells                             Type                      Level
   a - Magic Dart                     Conjuration                  1
   b - Searing Ray                    Conjuration                  2
   c - Dazzling Spray                 Conjuration/Hexes            3
   d - Fulminant Prism                Conjuration/Hexes            4
   e - Force Lance                    Conjuration/Translocation    4
   f - Iskenderun's Mystic Blast      Conjuration                  4
Comestibles
 c - 4 rations


   Skills:
 - Level 1.7 Dodging
 - Level 1.7 Stealth
 - Level 2.0 Spellcasting
 + Level 8.5 Conjurations


You had 3 spell levels left.
You knew the following spells:

 Your Spells              Type           Power        Failure   Level  Hunger
a - Magic Dart            Conj           ####         1%          1    #......
b - Searing Ray           Conj           ####..       1%          2    ###....
c - Iskenderun's Mystic   Conj           ####....     4%          4    #####..


Dungeon Overview and Level Annotations

Branches:
Dungeon (3/15)

Altars:
Hepliaklqana


Innate Abilities, Weirdness & Mutations

You have sharp toenails.
You are partially covered in large bone plates. (SH +4)
You are partially covered in sharp spines.


Message History

The searing ray hits the gnoll.
You kill the gnoll!
The searing ray misses the gnoll.
You finish channeling your searing ray.
The gnoll hits you with a spear.
You hit the gnoll.
The gnoll is moderately wounded.
The gnoll hits you with a spear.
You hit the gnoll but do no damage.
The gnoll is moderately wounded.
The gnoll closely misses you. The gnoll hits you.
You hit the gnoll.
The gnoll is heavily wounded.
The gnoll is struck by your spines. The gnoll hits you with a spear!
* * * LOW HITPOINT WARNING * * *
You block the gnoll's attack.
You closely miss the gnoll.
The gnoll is heavily wounded.
The gnoll hits you but does no damage. The gnoll is struck by your spines.
The gnoll hits you!
You die...

#.#.# #.#.####
#>...... #.......
##############.......
#....##..............
##.#.##..(.......####
#g#g##..........####
#.#@##..........#...
#g#g##..........#...
#.#.##..........#...
#.#.##.........)#...
#.#.#########'#.#...
#.#.# #.#.#...
##.#.##### #.#.#...
#..#.....# ##.#.#...
##.#####.####.#.#....


You could see 2 gnolls.

Vanquished Creatures
  A gnoll sergeant (D:3)
  A gnoll shaman (D:3)
  3 orc priests (D:2)
  25 gnolls (D:3)
  An adder (D:2)
  2 oozes
  3 worms
  A dart slug (D:3)
  2 leopard geckos (D:2)
  2 orcs (D:2)
  7 bats
  6 giant cockroaches
  4 goblins
  4 hobgoblins
  18 jackals (D:3)
  2 quokkas
  5 frilled lizards
  11 kobolds
  4 rats
102 creatures vanquished.

Notes
Turn   | Place    | Note
-------+----------+-------------------------------------------
     0 | D:1      | lyrx the Demonspawn Conjurer began the quest for the Orb.
     0 | D:1      | Reached XP level 1. HP: 13/13 MP: 3/3
   280 | D:1      | Gained mutation: You are partially covered in sharp spines. [demonic ancestry]
   280 | D:1      | Reached XP level 2. HP: 19/19 MP: 0/5
   765 | D:2      | Learned a level 2 spell: Searing Ray
  1092 | D:2      | Reached skill level 5 in Conjurations
  1102 | D:2      | Reached XP level 3. HP: 23/24 MP: 1/6
  2104 | D:2      | Reached XP level 4. HP: 30/30 MP: 4/7
  2357 | D:2      | Reached skill level 6 in Conjurations
  2407 | D:2      | Gained mutation: You are partially covered in large bone plates. (SH +4) [demonic ancestry]
  2407 | D:2      | Reached XP level 5. HP: 35/35 MP: 4/8
  2426 | D:2      | Learned a level 4 spell: Iskenderun's Mystic Blast
  2762 | D:3      | Found a hazy altar of Hepliaklqana.
  3259 | D:3      | Reached skill level 7 in Conjurations
  3758 | D:3      | Reached XP level 6. HP: 41/41 MP: 2/9
  4035 | D:3      | Reached skill level 8 in Conjurations
  4397 | D:3      | Gained mutation: You have sharp toenails. [demonic ancestry]
  4397 | D:3      | Reached XP level 7. HP: 46/46 MP: 7/10
  4440 | D:3      | Slain by a gnoll

Skill      XL: |  1  2  3  4  5  6 |
---------------+-------------------+-----
Conjurations   | 5 6 7 8 |  8.5
Dodging        | |  1.7
Stealth        | |  1.7
Spellcasting   | |  2.0

Action                   |  1- 3 |  4- 6 |  7- 9 || total
-------------------------+-------+-------+-------++-------
Melee: Unarmed           |     6 |       |       ||     6
       Dagger            |     3 |    23 |       ||    26
       Short sword       |       |    26 |     7 ||    33
 Cast: Magic Dart        |    82 |   104 |       ||   186
       Searing Ray       |     4 |    11 |     2 ||    17
  Use: Scroll            |     5 |     2 |       ||     7
 Stab: Sleeping          |     1 |     1 |       ||     2
       Distracted        |       |     1 |       ||     1
  Eat: Ration            |     2 |     2 |       ||     4
       Chunk             |     1 |     2 |       ||     3
Armor: Robe              |     6 |    13 |     2 ||    21
Dodge: Dodged            |    11 |    32 |     8 ||    51
Block: Other             |       |     7 |     4 ||    11
